Map: Hecate LE

Players

GunGFuBanDa - Winner!

  • Race: Protoss Protoss
  • League: Master
  • Spawn Location: 1:00

DKZJieshi (Jieshi)

  • Race: Protoss Protoss
  • League: Master
  • Spawn Location: 7:00

VOD

Have the link to the VOD?

Description

Time

  • Played on: Dec. 18, 2023, 1:51 p.m.
  • Length: 17:20
Show
View Real Time Build Order
Export as new Build Order

GunGFuBanDa Protoss - Winner!

Build Orders:  

Get SALT Encoding   

  12  0:00  Probe  
  13  0:12  Probe  
  14  0:17  Pylon  
  14  0:24  Probe (Chrono Boost)  
  15  0:36  Probe (Chrono Boost)  
  15  0:37  Gateway  
  16  0:44  Probe (Chrono Boost)  
  16  0:47  Assimilator  
  17  0:51  Probe  
  17  0:54  Assimilator  
  18  1:03  Probe (Chrono Boost)  
  19  1:07  Gateway  
  19  1:12  Probe (Chrono Boost)  
  19  1:17  Probe (Chrono Boost)  
  21  1:25  Cybernetics Core  
  21  1:30  Probe  
  22  1:35  Pylon  
  22  1:42  Probe  
  23  1:54  Probe  
  24  2:01  Stalker  
  24  2:02  Stalker  
  24  2:04  Warp Gate  
  28  2:13  Pylon  
  28  2:19  Probe  
  29  2:32  Robotics Facility  
  28  2:38  Adept  
  28  2:39  Adept  
  28  2:43  Probe  
  33  2:56  Probe  
  34  3:01  Gateway  
  34  3:17  Warp Prism (Chrono Boost)  
  34  3:26  Pylon  
  35  3:45  Shield Battery, Pylon, Immortal (Chrono Boost)  
  39  4:04  Stalker, Sentry  
  43  4:22  Observer, Nexus  
  44  4:42  Probe  
  45  4:46  Stalker  
  45  4:47  Pylon  
  47  4:56  Twilight Council  
  47  5:05  Probe (Chrono Boost)  
  48  5:14  Sentry x2  
  48  5:17  Probe (Chrono Boost)  
  53  5:23  Probe (Chrono Boost)  
  53  5:26  Blink (Chrono Boost)  
  51  5:31  Observer  
  51  5:33  Probe (Chrono Boost)  
  51  5:35  Probe (Chrono Boost)  
  53  5:40  Stalker  
  49  5:46  Forge, Probe (Chrono Boost)  
  49  5:48  Probe (Chrono Boost)  
  51  5:51  Probe (Chrono Boost)  
  51  5:55  Probe  
  53  5:57  Shield Battery  
  53  6:01  Probe  
  54  6:07  Stalker  
  54  6:08  Stalker  
  58  6:16  Probe  
  59  6:19  Protoss Ground Weapons Level 1  
  59  6:22  Observer, Probe  
  60  6:28  Probe  
  61  6:34  Stalker x3  
  67  6:46  Probe  
  68  6:47  Probe  
  68  6:51  Pylon  
  69  7:02  Observer  
  69  7:05  Nexus  
  69  7:07  Pylon  
  69  7:08  Probe  
  70  7:09  Probe  
  70  7:11  Assimilator  
  70  7:14  Immortal (Chrono Boost)  
  75  7:22  Probe  
  76  7:23  Sentry  
  76  7:25  Probe  
  76  7:29  Shield Battery  
  79  7:31  Pylon  
  79  7:36  Probe (Chrono Boost)  
  80  7:43  Probe (Chrono Boost)  
  81  7:44  Immortal (Chrono Boost)  
  81  7:50  Photon Cannon  
  86  7:52  Probe x2 (Chrono Boost)  
  86  7:57  Charge  
  87  8:08  Probe  
  87  8:09  Probe  
  89  8:13  Observer  
  89  8:18  Probe  
  89  8:19  Warp Prism (Chrono Boost)  
  90  8:20  Protoss Ground Weapons Level 2 (Chrono Boost)  
  90  8:21  Probe x2  
  90  8:25  Gateway  
  90  8:26  Gateway  
  94  8:38  Templar Archives  
  94  8:47  Zealot x3  
  94  8:48  Probe x2  
  102  8:49  Pylon  
  102  8:56  Pylon  
  102  9:01  Probe x3  
  105  9:04  Assimilator  
  105  9:06  Gateway  
  105  9:09  Assimilator, Gateway  
  105  9:14  Probe x2  
  107  9:17  Observer  
  107  9:24  Probe  
  107  9:26  Probe  
  107  9:27  High Templar x4  
  107  9:28  Zealot  
  119  9:34  Assimilator  
  119  9:36  Gateway  
  119  9:37  Nexus  
  119  9:38  Probe x2  
  119  9:40  Pylon  
  119  9:45  Archon x2  
  121  9:51  Probe  
  121  9:52  Probe  
  123  9:54  Pylon, Probe  
  123  9:56  Pylon  
  123  9:59  Observer  
  124  10:00  Pylon  
  124  10:03  Probe  
  124  10:06  Probe  
  126  10:08  Zealot, High Templar x2  
  126  10:09  Shield Battery  
  126  10:13  Pylon  
  132  10:21  Zealot x4  
  140  10:34  Archon, High Templar x2  
  140  10:35  Probe  
  145  10:40  Archon  
  145  10:42  Shield Battery  
  143  10:45  Photon Cannon  
  143  10:48  Zealot x6, Pylon  
  155  10:57  Observer  
  137  11:00  Protoss Ground Weapons Level 3 (Chrono Boost)  
  105  11:05  Probe  
  105  11:07  Probe  
  105  11:08  Probe  
  105  11:09  High Templar x3  
  105  11:10  Zealot x3, Sentry, High Templar  
  124  11:14  Archon x2  
  124  11:17  Probe x2  
  126  11:20  Observer, Probe  
  126  11:22  Gateway  
  126  11:23  Gateway  
  127  11:27  Probe  
  128  11:39  Stalker x4  
  136  11:42  Assimilator  
  136  11:43  Photon Cannon  
  136  11:48  Robotics Bay  
  136  11:50  Stalker x4  
  144  12:04  Pylon, Photon Cannon  
  144  12:05  Shield Battery  
  144  12:09  Probe x2  
  144  12:11  Zealot x3  
  144  12:12  Zealot  
  154  12:19  Robotics Facility  
  154  12:21  Probe  
  154  12:22  Probe  
  156  12:26  Dark Shrine  
  156  12:35  Stalker x10  
  173  12:45  Disruptor (Chrono Boost)  
  173  12:50  Probe x2  
  177  12:52  Assimilator  
  177  13:05  Photon Cannon  
  161  13:07  Photon Cannon  
  161  13:10  Stalker x9  
  140  13:59  Nexus  
  72  15:52  Nexus  
  72  16:30  Assimilator  
Show
View Real Time Build Order
Export as new Build Order

DKZJieshi Protoss 

Build Orders: Oracle Opening, Zealot Archon 

Get SALT Encoding   

  12  0:00  Probe  
  13  0:12  Probe  
  14  0:17  Pylon  
  14  0:25  Probe (Chrono Boost)  
  16  0:37  Gateway, Probe (Chrono Boost)  
  16  0:43  Probe (Chrono Boost)  
  16  0:46  Assimilator  
  17  0:51  Probe  
  17  0:55  Assimilator  
  18  1:03  Probe (Chrono Boost)  
  19  1:08  Gateway  
  19  1:13  Probe (Chrono Boost)  
  19  1:18  Probe  
  20  1:24  Cybernetics Core  
  21  1:30  Probe  
  22  1:34  Pylon  
  22  1:42  Probe  
  23  1:54  Probe  
  23  2:00  Warp Gate  
  24  2:01  Stalker  
  24  2:03  Stalker  
  28  2:17  Pylon  
  28  2:20  Stargate  
  28  2:36  Stalker  
  30  2:39  Stalker  
  32  3:04  Oracle (Chrono Boost)  
  35  3:15  Nexus  
  35  3:17  Probe  
  36  3:23  Pylon  
  37  3:36  Oracle (Chrono Boost)  
  40  3:43  Pylon  
  38  3:48  Stalker  
  40  3:56  Stalker  
  40  3:58  Probe  
  43  4:14  Stalker  
  45  4:18  Gateway  
  45  4:25  Stalker  
  45  4:26  Probe  
  45  4:27  Probe  
  47  4:38  Probe  
  47  4:44  Phoenix (Chrono Boost)  
  49  4:47  Stalker  
  49  4:50  Shield Battery  
  49  4:52  Probe  
  51  4:56  Probe  
  52  5:04  Probe (Chrono Boost)  
  53  5:09  Stalker  
  53  5:13  Probe (Chrono Boost)  
  56  5:16  Probe (Chrono Boost)  
  57  5:24  Probe (Chrono Boost)  
  57  5:25  Probe (Chrono Boost)  
  57  5:31  Twilight Council, Probe  
  57  5:34  Probe  
  59  5:43  Probe  
  59  5:46  Probe  
  59  5:49  Pylon  
  61  5:55  Pylon, Probe (Chrono Boost)  
  62  6:02  Pylon  
  62  6:03  Blink (Chrono Boost)  
  62  6:08  Probe (Chrono Boost)  
  64  6:13  Probe (Chrono Boost)  
  64  6:15  Probe (Chrono Boost)  
  65  6:19  Probe (Chrono Boost)  
  65  6:21  Forge  
  65  6:25  Probe  
  67  6:31  Probe  
  64  6:37  Probe  
  65  6:44  Probe  
  65  6:46  Nexus  
  66  6:50  Gateway, Templar Archives, Protoss Ground Weapons Level 1 (Chrono Boost)  
  66  6:54  Pylon  
  66  6:55  Probe  
  66  6:56  Gateway, Probe  
  68  7:07  Probe  
  68  7:08  Probe  
  70  7:09  Gateway  
  70  7:14  Shield Battery  
  70  7:22  Probe x2  
  72  7:28  Assimilator  
  72  7:33  Gateway  
  72  7:35  Gateway  
  73  7:37  Probe x2  
  74  7:45  Charge  
  74  7:46  Pylon  
  74  7:47  High Templar  
  74  7:49  High Templar  
  74  7:50  Zealot x3  
  84  7:53  Archon  
  84  8:02  Pylon  
  84  8:09  Probe x3  
  84  8:12  Nexus  
  84  8:18  Robotics Facility  
  81  8:21  Probe x3  
  81  8:22  Protoss Ground Weapons Level 2 (Chrono Boost)  
  84  8:30  Zealot  
  84  8:31  Zealot x3  
  92  8:40  Photon Cannon  
  92  8:44  Photon Cannon  
  92  8:47  Zealot x2  
  96  8:48  Zealot  
  96  8:54  Probe  
  96  8:55  Probe x2  
  101  8:58  High Templar x2  
  101  8:59  Zealot x2  
  101  9:01  Zealot  
  111  9:03  Archon  
  111  9:09  Assimilator  
  105  9:19  Zealot x2  
  105  9:20  Zealot x3  
  105  9:22  Warp Prism (Chrono Boost)  
  116  9:25  Probe  
  116  9:26  Probe  
  119  9:34  High Templar  
  119  9:35  Zealot, High Templar  
  125  9:38  Probe (Chrono Boost)  
  125  9:41  Shield Battery, Photon Cannon  
  125  9:44  Zealot x2, Archon  
  125  9:45  Zealot  
  132  9:49  Probe (Chrono Boost)  
  132  9:50  Pylon  
  132  9:51  Robotics Bay  
  133  9:54  Probe (Chrono Boost)  
  133  9:58  Zealot x2  
  139  10:00  Observer, Pylon  
  139  10:04  Pylon  
  139  10:09  Pylon  
  139  10:14  Zealot x4  
  141  10:20  Zealot x4  
  155  10:22  Probe x3  
  155  10:26  Pylon  
  148  10:38  Robotics Facility  
  148  10:39  Disruptor (Chrono Boost), Probe  
  153  10:44  Zealot x2  
  153  10:45  Zealot x4  
  153  10:46  Zealot  
  163  10:50  Probe  
  163  10:51  Probe x2  
  149  11:03  Probe x2  
  117  11:12  Disruptor (Chrono Boost), Protoss Ground Weapons Level 3 (Chrono Boost)  
  117  11:15  Probe x2, Photon Cannon  
  117  11:16  Shield Battery  
  123  11:25  Zealot x2  
  123  11:26  Zealot x4  
  123  11:27  Probe x3  
  123  11:30  Disruptor (Chrono Boost), Probe  
  139  11:37  Pylon  
  139  11:38  Disruptor (Chrono Boost)  
  139  11:39  Probe  
  148  11:50  Pylon  
  148  11:51  Probe  
  149  11:55  Stalker x4  
  149  11:57  Probe  
  149  11:59  Assimilator  
  159  12:01  Probe  
  159  12:03  Assimilator  
  159  12:05  Shield Battery, Photon Cannon  
  159  12:07  Disruptor (Chrono Boost)  
  159  12:09  Probe  
  159  12:12  Pylon  
  159  12:13  Probe  
  159  12:14  Zealot x3, Warp Prism (Chrono Boost)  
  173  12:19  Photon Cannon  
  173  12:26  Probe  
  174  12:30  Nexus  
  174  12:36  Disruptor  
  177  12:38  Probe  
  178  12:44  Stalker  
  178  12:45  Stalker x2  
  178  12:46  Disruptor  
  178  12:50  Stalker, Zealot x2  
  194  12:53  Shield Battery, Photon Cannon  
  158  13:34  Nexus  
  158  13:35  Pylon  
  158  13:37  Pylon  
  150  13:43  Pylon  
  150  13:45  Pylon x2  
  150  13:48  Gateway  
  141  13:49  Gateway  
  141  13:51  Dark Shrine  
  126  14:06  Stalker x3  
  91  14:48  Pylon  
  91  14:50  Pylon  
  75  15:06  Probe  
  76  15:33  Dark Templar  
  78  15:41  Dark Templar  
  63  16:22  Archon  
Tags
 
Composition
Zealot Archon
Matchup
PvP
Replay Pack
December 2023
Spawn Locations
Cross Positions
Add a new tag
Caveats
  • Supply blocks, unpowered buildings, or Contaminate may cause inaccurate times.
  • Supply counts are checked every 10 seconds.